 Dungeon Crawl Stone Soup version 0.24.0-37-gcf1ca852f1 (webtiles) character file.

Game seed: 11453297070475812375, levelgen mode: deterministic

80 saggybeans the Chiller (level 4, -4/24 HPs)
             Began as a Gargoyle Ice Elementalist on Nov 24, 2019.
             Slain by a worm (10 damage)
             ... on level 3 of the Dungeon.
             The game lasted 00:15:17 (1875 turns).

saggybeans the Chiller (Gargoyle Ice Elementalist)  Turns: 1875, Time: 00:15:17

Health: -4/24      AC:  5    Str: 12    XL:     4   Next: 39%
Magic:  1/7        EV: 12    Int: 16    God:
Gold:   102        SH:  0    Dex: 10    Spells: 2/8 levels left

rFire    . . .     SeeInvis .   e - +0 whip
rCold    . . .     Gourm    .   (no shield)
rNeg     + . .     Faith    .   a - +0 robe
rPois    ∞         Spirit   .   (no helmet)
rElec    +         Reflect  .   (no cloak)
rCorr    .         Harm     .   (no gloves)
MR       .....                  (no boots)
Stlth    ++........             (no amulet)
HPRegen  0.08/turn              (no ring)
MPRegen  0.10/turn              (no ring)

@: very slightly contaminated
A: negative energy resistance 1, electricity resistance, unbreathing,
petrification resistance, rot immunity, AC +3
a: no special abilities


You were on level 3 of the Dungeon.
You were very hungry.

You visited 1 branch of the dungeon, and saw 3 of its levels.

You collected 102 gold pieces.

Inventory:

Hand Weapons
 e - a +0 whip (weapon)
 f - a +0 mace
 g - a +0 hunting sling
 o - a +0 dagger of draining
Missiles
 b - 33 stones (quivered)
 n - 5 atropa-tipped darts
Armour
 a - a +0 robe (worn)
Scrolls
 d - 2 scrolls of identify
 j - 2 scrolls of remove curse
 l - a scroll of fog {unknown}
 p - a scroll of amnesia {unknown}
Potions
 h - a potion of flight {unknown}
 i - a potion of agility {unknown}
 k - 3 potions of curing {unknown}
Comestibles
 c - 4 rations


   Skills:
 * Level 0.8 Fighting
 * Level 1.5 Maces & Flails
 + Level 2.0 Dodging
 + Level 2.5 Stealth
 + Level 2.5 Spellcasting
 + Level 1.1 Conjurations
 + Level 3.7 Ice Magic


You had 2 spell levels left.
You knew the following spells:

 Your Spells              Type           Power        Failure   Level  Hunger
a - Freeze                Ice            ##..         4%          1    #......
b - Throw Frost           Conj/Ice       #.....       11%         2    ##.....
c - Ozocubu's Armour      Chrm/Ice       #.......     26%         3    ###....

Your spell library contained the following spells:

 Spells                   Type           Power        Failure   Level  Hunger
 Throw Icicle             Conj/Ice       #.......     58%         4    #####..
 Summon Ice Beast         Ice/Summ       #.......     65%         4    #####..


Dungeon Overview and Level Annotations

Branches:
Dungeon (3/15)

Altars:


Innate Abilities, Weirdness & Mutations

You are resistant to torment.
Your stone body is resilient. (AC +3)
You are immune to poison.
You resist negative energy. (rN+)
You are resistant to electric shocks. (rElec)
You can survive without breathing.
You are immune to petrification.
You are immune to rotting.


Message History

You hit the worm.
The worm is severely wounded.
You hit the worm.
The worm is almost dead.
The worm closely misses you.
You barely miss the worm.
The worm is severely wounded.
You barely miss the worm.
The worm is severely wounded.
The worm misses you.
You hit the worm but do no damage.
The worm is severely wounded.
The worm bites you!
* * * LOW HITPOINT WARNING * * *
You hit the worm.
The worm is almost dead.
You hit the worm.
The worm is almost dead.
The worm bites you!
You die...

#####.# [<....#
####### #. ####
#.# #.. #.# #w#
#.####@#####.
#.#..........#
##.#.##.#####..
####....##.#
####.......##..
#..........#####
.#####.##.#
#<##.# #....#


You could see a worm.

Vanquished Creatures
  4 adders (D:2)
  An adder zombie (D:2)
  2 worms
  2 dart slugs (D:1)
  2 orcs (D:3)
  2 bats
  3 giant cockroaches
  4 goblins
  2 hobgoblins
  2 jackals (D:2)
  A frilled lizard (D:1)
  5 kobolds
  A rat (D:2)
31 creatures vanquished.

Notes
Turn   | Place    | Note
-------+----------+-------------------------------------------
     0 | D:1      | saggybeans the Gargoyle Ice Elementalist began the quest
                  | for the Orb.
     0 | D:1      | Reached XP level 1. HP: 10/10 MP: 3/3
   125 | D:1      | Reached XP level 2. HP: 15/15 MP: 0/5
   819 | D:2      | Learned a level 2 spell: Throw Frost
   825 | D:2      | Reached XP level 3. HP: 16/19 MP: 2/6
  1167 | D:2      | Learned a level 3 spell: Ozocubu's Armour
  1381 | D:2      | Reached XP level 4. HP: 24/24 MP: 2/7
  1515 | D:2      | Reached skill level 1 in Maces & Flails
  1875 | D:3      | Slain by a worm

Levels and vault maps discovered:
D:1:      eino_arrival_water_star, layout_basic
D:2:      layout_loops_cross, first_ration, roderic_malta_cross
D:3:      layout_loops_ring

Skill      XL: |  1  2  3  4 |
---------------+-------------+-----
Dodging        | 2 |  2.0
Maces & Flails | 1 |  1.5
Fighting       | |  0.8
Stealth        | |  2.5
Spellcasting   | |  2.5
Conjurations   | |  1.1
Ice Magic      | |  3.7

Action                   |  1- 3 |  4- 6 || total
-------------------------+-------+-------++-------
Melee: Short sword       |     2 |       ||     2
       Mace              |     2 |       ||     2
       Whip              |    36 |    16 ||    52
Throw: Stone             |       |     1 ||     1
 Cast: Freeze            |    33 |    15 ||    48
       Throw Frost       |     3 |     5 ||     8
  Use: Scroll            |       |     2 ||     2
 Stab: Sleeping          |     2 |       ||     2
  Eat: Chunk             |     2 |     1 ||     3
Armor: Robe              |    14 |     4 ||    18
Dodge: Dodged            |    34 |     9 ||    43
